 Dungeon Crawl Stone Soup version 0.23-a0-445-g768d57b80b (webtiles) character file.

8920 Esekla the Fighter (level 11, 0/95 HPs)
             Began as a Gnoll Wanderer on Nov 17, 2018.
             Was a Follower of Ashenzari.
             Killed from afar by a frost giant (5 damage)
             ... with a bolt of cold
             ... in an ice cave.
             The game lasted 01:50:47 (10548 turns).

Esekla the Fighter (Gnoll Wanderer)                Turns: 10548, Time: 01:50:47

Health: 0/95       AC: 20    Str: 14      XL:     11   Next: 38%
Magic:  0/20       EV:  6    Int: 14 (15) God:    Ashenzari [*.....]
Gold:   524        SH: 11    Dex: 26      Spells: 12/22 levels left

rFire    . . .     SeeInvis +   K - +6 falchion "Noboni" {protect, rPois Dex+6 SInv} (curse)
rCold    . . .     Gourm    .   j - +0 shield (curse)
rNeg     . . .     Faith    .   J - +2 plate armour {rPois} (curse)
rPois    +         Spirit   +   z - +2 helmet (curse)
rElec    .         Reflect  .   n - +0 cloak
rCorr    .         Harm     .   (no gloves)
MR       .....                  (no boots)
Stlth    ..........             g - amulet of guardian spirit (curse)
HPRegen  0.25/turn              G - +2 ring of dexterity
MPRegen  0.17/turn              (no ring)

@: about to teleport, very slightly contaminated, invisible
A: distributed training, fangs 1, deterioration 1, MP-powered wands, strong nose
a: Curse Item, Scrying, Renounce Religion


You were in an ice cave.
You worshipped Ashenzari.
Ashenzari was aware of your devotion.
You were not hungry.

You visited 3 branches of the dungeon, and saw 13 of its levels.
You also visited: Ossuary and Ice Cave.

You collected 681 gold pieces.
You spent 157 gold pieces at shops.

Inventory:

Hand Weapons
 e - a +0 dagger
 o - a +3 hand axe
 y - a +0 trident
 K - the cursed +6 falchion "Noboni" (weapon) {protect, rPois Dex+6 SInv}
   (You found it on level 8 of the Dungeon)

   It protects the one who uses it against injury (+AC on strike).
   It affects your dexterity (+6).
   It protects you from poison.
   It lets you see invisible.
   It has a curse placed upon it.
 P - a +3 dagger
Missiles
 I - 11 tomahawks (quivered)
Armour
 a - a +2 scale mail
 j - a cursed +0 shield (worn)
 n - a +0 cloak (worn)
 z - a cursed +2 helmet (worn)
 J - a cursed +2 plate armour of poison resistance (worn)
Jewellery
 g - a cursed amulet of guardian spirit (around neck)
 G - a +2 ring of dexterity (left hand)
Wands
 d - a wand of polymorph (11)
 h - a wand of acid (9)
 x - a wand of paralysis (2)
 A - a wand of random effects (17)
 M - a wand of enslavement (9)
 N - a wand of digging (8)
Scrolls
 b - 2 scrolls of teleportation
 c - a scroll of acquirement {unknown}
 i - 5 scrolls of identify
 k - 5 scrolls of magic mapping
 q - a scroll of noise
 t - 2 scrolls of amnesia
 w - a scroll of fear
 B - 2 scrolls of fog
 C - 2 scrolls of enchant armour
 D - 2 scrolls of remove curse
 F - 2 scrolls of enchant weapon
 O - a scroll of blinking {unknown}
Potions
 l - a potion of agility
 m - a potion of curing
 p - 2 potions of might
 r - 6 potions of brilliance
 H - a potion of magic
 L - a potion of berserk rage
Comestibles
 f - 9 rations


   Skills:
 + Level 11.8 Fighting
 + Level 6.1 Short Blades
 + Level 6.1 Long Blades
 + Level 6.1 Axes
 + Level 6.1 Maces & Flails
 + Level 6.1 Polearms
 + Level 6.1 Staves
 + Level 6.1 Slings
 + Level 6.1 Bows
 + Level 6.7 Crossbows
 + Level 6.7 Throwing
 + Level 7.7 Armour
 + Level 6.1 Dodging
 + Level 6.1 Stealth
 + Level 6.7 Shields
 + Level 6.1 Unarmed Combat
 + Level 6.1 Spellcasting
 + Level 5.1 Conjurations
 + Level 5.1 Hexes
 + Level 5.1 Charms
 + Level 5.1 Summonings
 + Level 5.1 Necromancy
 + Level 5.1 Translocations
 + Level 5.1 Transmutations
 + Level 5.1 Fire Magic
 + Level 5.1 Ice Magic
 + Level 5.1 Air Magic
 + Level 5.1 Earth Magic
 + Level 5.1 Poison Magic
 + Level 6.7 Invocations
 + Level 6.1 Evocations


You had 12 spell levels left.
You knew the following spells:

 Your Spells              Type           Power        Failure   Level  Hunger
a - Passwall              Tmut/Erth      ###.....     99%         2    #......
b - Lee's Rapid Deconstr  Erth           ###.......   100%        5    ######.
c - Mephitic Cloud        Conj/Pois/Air  ###.....     100%        3    ###....

Your spell library contained the following spells:

 Spells                   Type           Power        Failure   Level  Hunger
 Confusing Touch          Hex            ###...       98%         1    None
 Infusion                 Chrm           ###.         98%         1    None
 Sandblast                Erth           ###...       98%         1    None
 Poisonous Vapours        Pois/Air       ###...       99%         2    #......
 Confuse                  Hex            ###.....     100%        3    ###....
 Conjure Flame            Conj/Fire      ###.....     100%        3    ###....
 Gell's Gravitas          Tloc           ###.......   100%        3    ###....
 Stone Arrow              Conj/Erth      ###...       100%        3    ###....
 Petrify                  Tmut/Erth      ###.....     100%        4    ####...
 Metabolic Englaciation   Hex/Ice        ###.......   100%        5    ######.
 Yara's Violent Unravell  Hex/Tmut       ###.......   100%        5    ######.
 Freezing Cloud           Conj/Ice/Air   ###.......   100%        6    #######
 Ring of Flames           Chrm/Fire      ###.......   100%        7    #######


Dungeon Overview and Level Annotations

Branches:
Dungeon (11/15)            Temple (1/1) D:7            Lair (1/6) D:11
    Orc: D:9-12

Altars:
Ashenzari
Cheibriados
Dithmenos
Elyvilon
Fedhas
Gozag
Hepliaklqana
Kikubaaqudgha
Makhleb
Nemelex Xobeh
Okawaru
Qazlal
Ru
Sif Muna
Trog
Uskayaw
Vehumet
Wu Jian
Xom
Yredelemnul
Zin
The Shining One

Shops:
D:4 ([}   D:5 }*[


Innate Abilities, Weirdness & Mutations

Your experience applies equally to all skills.
You have very sharp teeth.
Your uncanny sense of smell can sniff out nearby items.
Your body sometimes deteriorates upon taking damage.
You expend magic power (3 MP) to strengthen your wands.


Message History

Okay, then.
You fade into invisibility!
The frost giant gestures at you while chanting.
The bolt of cold hits you!
* * * LOW HITPOINT WARNING * * *
You are very lightly contaminated with residual magic.
Press: ? - help, v - describe, . - travel
Here: a frost giant, wielding a +1 battleaxe of freezing The floor.
You feel much better.
The frost giant gestures at you while chanting.
The bolt of cold hits you!
* * * LOW HITPOINT WARNING * * *
As you read the scroll of fog, it crumbles to dust.
The scroll dissolves into smoke.
As you read the scroll of teleportation, it crumbles to dust.
You feel strangely unstable.
The frost giant points at you and mumbles some strange words.
The bolt of cold hits you!
You die...

## ##.###
#.#..###
#..#.#.##
##C##.§#.#
##..###§§####
# ##..##
##§C#.##
###.#.#
##§§#§##
≈#...##
##§C§@#
≈..###
####§§# #.##
##..# ### ###


You could see a frost giant.

Vanquished Creatures
  A two-headed ogre (D:9)
  A guardian serpent (D:10)
  A hornet (D:9)
  A troll (D:9)
  A polar bear (IceCv)
  2 hippogriffs
  A shadow (D:11)
  A wyvern (D:8)
  Eustachio (D:3)
  8 yaks
  A wraith (Ossuary)
  Grum (D:8)
  3 wargs
  A water moccasin (D:7)
  A hornet zombie (D:8)
  4 ice beasts
  2 orc warriors
  2 sky beasts
  An eye of draining (D:8)
  A phantom (D:5)
  2 necrophages
  An eye of draining (shapeshifter) (D:10)
  2 centaurs
  7 wolves
  5 ogres
  5 bullfrogs
  3 scorpions
  3 killer bees (D:10)
  5 crimson imps
  4 orc priests
  5 hounds
  2 jellies (D:6)
  16 orc wizards
  3 bullfrog skeletons
  3 iguanas
  Terence (D:3)
  9 worker ants
  A hound zombie (D:11)
  A hound skeleton (D:4)
  A mummy (Ossuary)
  A howler monkey zombie (D:7)
  2 worker ant zombies
  4 gnolls
  10 adders
  3 shadow imps
  An ooze (D:2)
  2 dart slugs
  5 leopard geckos
  36 orcs
  2 ball pythons
  4 bats
  2 giant cockroaches
  2 goblins (D:1)
  3 hobgoblins
  14 jackals
  3 quokkas
  A ball python skeleton (D:5)
  3 frilled lizards
  A gnoll skeleton (Ossuary)
  A goblin zombie (D:7)
  A jackal skeleton (D:6)
  4 kobolds
  10 kobold skeletons (Ossuary)
  A leopard gecko skeleton (D:6)
  14 orc skeletons (Ossuary)
  2 quokka zombies
  4 rats
250 creatures vanquished.

Vanquished Creatures (others)
  A sky beast (D:11)
  A fungus (Lair:1)
2 creatures vanquished.

Grand Total: 252 creatures vanquished

Notes
Turn   | Place    | Note
-------+----------+-------------------------------------------
     0 | D:1      | Reached skill level 10 in Fighting
     0 | D:1      | Esekla the Gnoll Wanderer began the quest for the Orb.
     0 | D:1      | Esekla set off with the following items: a +2 scale mail, a
                  | scroll of teleportation, a +0 hand crossbow, 22 bolts, a
                  | ration
     0 | D:1      | Reached XP level 1. HP: 28/28 MP: 1/1
   436 | D:1      | Reached XP level 2. HP: 33/36 MP: 2/2
   809 | D:2      | Reached XP level 3. HP: 25/42 MP: 3/3
   983 | D:1      | Reached skill level 1 in Invocations
  1142 | D:3      | Reached skill level 1 in Short Blades
  1142 | D:3      | Reached skill level 1 in Long Blades
  1142 | D:3      | Reached skill level 1 in Axes
  1142 | D:3      | Reached skill level 1 in Maces & Flails
  1142 | D:3      | Reached skill level 1 in Polearms
  1142 | D:3      | Reached skill level 1 in Staves
  1142 | D:3      | Reached skill level 1 in Slings
  1142 | D:3      | Reached skill level 1 in Bows
  1142 | D:3      | Reached skill level 1 in Dodging
  1142 | D:3      | Reached skill level 1 in Stealth
  1142 | D:3      | Reached skill level 1 in Unarmed Combat
  1142 | D:3      | Reached skill level 1 in Spellcasting
  1142 | D:3      | Reached skill level 1 in Evocations
  1191 | D:2      | Reached XP level 4. HP: 25/48 MP: 5/5
  1946 | D:3      | Reached skill level 1 in Conjurations
  1946 | D:3      | Reached skill level 1 in Hexes
  1946 | D:3      | Reached skill level 1 in Charms
  1946 | D:3      | Reached skill level 1 in Summonings
  1946 | D:3      | Reached skill level 1 in Necromancy
  1946 | D:3      | Reached skill level 1 in Translocations
  1946 | D:3      | Reached skill level 1 in Transmutations
  1946 | D:3      | Reached skill level 1 in Fire Magic
  1946 | D:3      | Reached skill level 1 in Ice Magic
  1946 | D:3      | Reached skill level 1 in Air Magic
  1946 | D:3      | Reached skill level 1 in Earth Magic
  1946 | D:3      | Reached skill level 1 in Poison Magic
  1946 | D:3      | Reached XP level 5. HP: 35/54 MP: 6/6
  2001 | D:3      | Noticed Terence
  2060 | D:3      | Killed Terence
  2068 | D:3      | Found a basalt altar of Yredelemnul.
  2242 | D:3      | Found a glowing golden altar of the Shining One.
  2417 | D:3      | Found a glowing silver altar of Zin.
  2489 | D:4      | Found Gemp's Weapon Boutique.
  2561 | D:4      | Found Idageihu's Antique Armour Boutique.
  2583 | D:4      | Reached XP level 6. HP: 59/61 MP: 8/8
  2801 | D:4      | Found Etusuth's Gadget Shop.
  2860 | D:4      | Reached skill level 5 in Armour
  2900 | D:4      | Noticed Eustachio
  2910 | D:5      | Entered Level 5 of the Dungeon
  2915 | D:5      | Noticed a necrophage
  2944 | D:5      | Found Imurho's Armour Boutique.
  3009 | D:4      | Bought a glowing helmet for 157 gold pieces
  3034 | D:4      | Reached XP level 7. HP: 37/67 MP: 10/10
  3459 | D:3      | Killed Eustachio
  3762 | D:5      | Found Sonirov's General Store.
  3781 | D:5      | Found Asiydd's Gadget Boutique.
  3982 | D:5      | Found a deep blue altar of Sif Muna.
  3988 | D:5      | Reached XP level 8. HP: 50/74 MP: 10/12
  4451 | D:5      | Found an ancient bone altar of Kikubaaqudgha.
  4459 | D:5      | Found a deep blue altar of Sif Muna.
  4462 | D:5      | Found a radiant altar of Vehumet.
  4468 | D:5      | Identified Sif Muna's Reference Book on Aid
  4627 | D:5      | Found a snail-covered altar of Cheibriados.
  4648 | D:5      | Found a stormy altar of Qazlal.
  4913 | D:5      | Gained mutation: Your body sometimes deteriorates upon
                  | taking damage. [potion of mutation]
  4913 | D:5      | Gained mutation: You expend magic power (3 MP) to
                  | strengthen your wands. [potion of mutation]
  5237 | D:7      | Noticed a hippogriff
  5254 | D:7      | Killed a hippogriff
  5362 | D:7      | Reached XP level 9. HP: 74/79 MP: 14/14
  5445 | D:7      | Reached skill level 11 in Fighting
  5544 | D:7      | Found a sand-covered staircase.
  5554 | Ossuary  | Entered an ossuary
  6189 | D:6      | Found a shadowy altar of Dithmenos.
  6424 | D:7      | Reached skill level 5 in Crossbows
  6424 | D:7      | Reached skill level 5 in Throwing
  6424 | D:7      | Reached skill level 5 in Shields
  6455 | D:7      | Found a staircase to the Ecumenical Temple.
  6464 | Temple   | Entered the Ecumenical Temple
  6764 | D:7      | Found a shattered altar of Ashenzari.
  6772 | D:7      | Became a worshipper of Ashenzari the Shackled
  7051 | D:8      | Noticed Grum
  7076 | D:8      | Killed Grum
  7086 | D:8      | Reached skill level 5 in Invocations
  7432 | D:8      | Reached XP level 10. HP: 87/88 MP: 17/17
  7458 | D:8      | Found an iron altar of Okawaru.
  7461 | D:8      | Found a sacrificial altar of Ru.
  7464 | D:8      | Found an ornate altar of the Wu Jian Council.
  7583 | D:8      | Identified the +6 falchion "Noboni" {protect, rPois Dex+6
                  | SInv}
  7885 | D:9      | Noticed a guardian serpent
  8060 | D:9      | Reached skill level 5 in Short Blades
  8060 | D:9      | Reached skill level 5 in Long Blades
  8060 | D:9      | Reached skill level 5 in Axes
  8060 | D:9      | Reached skill level 5 in Maces & Flails
  8060 | D:9      | Reached skill level 5 in Polearms
  8060 | D:9      | Reached skill level 5 in Staves
  8060 | D:9      | Reached skill level 5 in Slings
  8060 | D:9      | Reached skill level 5 in Bows
  8060 | D:9      | Reached skill level 5 in Dodging
  8060 | D:9      | Reached skill level 5 in Stealth
  8060 | D:9      | Reached skill level 5 in Unarmed Combat
  8060 | D:9      | Reached skill level 5 in Spellcasting
  8060 | D:9      | Reached skill level 5 in Evocations
  8463 | D:10     | Entered Level 10 of the Dungeon
  8645 | D:9      | Learned a level 2 spell: Passwall
  8651 | D:9      | Learned a level 5 spell: Lee's Rapid Deconstruction
  8655 | D:9      | Learned a level 3 spell: Mephitic Cloud
  8942 | D:10     | Reached * piety under Ashenzari
  8989 | D:10     | Killed a guardian serpent
  9384 | D:9      | Noticed a two-headed ogre
  9396 | D:9      | Killed a two-headed ogre
  9396 | D:9      | Reached XP level 11. HP: 81/95 MP: 17/19
  9882 | D:11     | Found a staircase to the Lair.
  9939 | D:11     | Reached skill level 5 in Conjurations
  9939 | D:11     | Reached skill level 5 in Hexes
  9939 | D:11     | Reached skill level 5 in Charms
  9939 | D:11     | Reached skill level 5 in Summonings
  9939 | D:11     | Reached skill level 5 in Necromancy
  9939 | D:11     | Reached skill level 5 in Translocations
  9939 | D:11     | Reached skill level 5 in Transmutations
  9939 | D:11     | Reached skill level 5 in Fire Magic
  9939 | D:11     | Reached skill level 5 in Ice Magic
  9939 | D:11     | Reached skill level 5 in Air Magic
  9939 | D:11     | Reached skill level 5 in Earth Magic
  9939 | D:11     | Reached skill level 5 in Poison Magic
  9990 | D:11     | Noticed a two-headed ogre
 10017 | D:11     | Found a frozen archway.
 10062 | Lair:1   | Entered Level 1 of the Lair of Beasts
 10408 | IceCv    | Entered an ice cave
 10514 | IceCv    | Noticed a frost giant
 10540 | IceCv    | HP: 3/95 [frost giant/bolt of cold (3)]
 10548 | IceCv    | Killed from afar by a frost giant

Vault maps used:
D:1:      tarquinn_simple_flora_water_b, minmay_statues_item,
          minmay_misc_feat_cross, minmay_misc_feat_diagonals
D:3:      nicolae_tso_carved_into_rock, zin_scriptorium, lemuel_round_altar,
          uniq_terence
D:4:      serial_shops, kennysheep_mini_moat, kennysheep_little_box,
          nicolae_shop_statue_plus, uniq_eustachio
D:5:      grunt_temple_overflow_magic_moments, nicolae_overflow_hidden_temple,
          nicolae_qazlal_eye_of_the_storm, serial_shops,
          nicolae_shop_waterfront, shop, nicolae_shop_waterfront, first_ration,
          basic_altar
D:6:      lemuel_round_altar
D:7:      nicolae_overflow_crystal_walls, minmay_temple_entry_hall,
          enter_ossuary_4
D:8:      grunt_temple_overflow_diamond, grunt_pizzeria, uniq_grum
D:9:      nrook_guardian_serpent_ordinary
D:11:     erik_lair_orcish_takeover, serial_shops, shop,
          portal_ice_cave_demonic_guard, chequers_serial_rivers_micro_c,
          zaba_antful_of_joy
Temple:   jpeg_temple_island
Ossuary:  ossuary_due_mausoleum
IceCv:    ice_cave_small_giant

Skill      XL: |  1  2  3  4  5  6  7  8  9 10 11 |
---------------+----------------------------------+-----
Fighting       | 11 | 11.8
Invocations    | 1 2 3 4 5 6 |  6.7
Short Blades   | 1 2 3 4 5 6 |  6.1
Long Blades    | 1 2 3 4 5 6 |  6.1
Axes           | 1 2 3 4 5 6 |  6.1
Maces & Flails | 1 2 3 4 5 6 |  6.1
Polearms       | 1 2 3 4 5 6 |  6.1
Staves         | 1 2 3 4 5 6 |  6.1
Slings         | 1 2 3 4 5 6 |  6.1
Bows           | 1 2 3 4 5 6 |  6.1
Dodging        | 1 2 3 4 5 6 |  6.1
Stealth        | 1 2 3 4 5 6 |  6.1
Unarmed Combat | 1 2 3 4 5 6 |  6.1
Spellcasting   | 1 2 3 4 5 6 |  6.1
Evocations     | 1 2 3 4 5 6 |  6.1
Conjurations   | 1 2 3 4 5 |  5.1
Hexes          | 1 2 3 4 5 |  5.1
Charms         | 1 2 3 4 5 |  5.1
Summonings     | 1 2 3 4 5 |  5.1
Necromancy     | 1 2 3 4 5 |  5.1
Translocations | 1 2 3 4 5 |  5.1
Transmutations | 1 2 3 4 5 |  5.1
Fire Magic     | 1 2 3 4 5 |  5.1
Ice Magic      | 1 2 3 4 5 |  5.1
Air Magic      | 1 2 3 4 5 |  5.1
Earth Magic    | 1 2 3 4 5 |  5.1
Poison Magic   | 1 2 3 4 5 |  5.1
Crossbows      | 3 4 5 6 |  6.7
Throwing       | 3 4 5 6 |  6.7
Shields        | 3 4 5 6 |  6.7
Armour         | 5 6 7 |  7.7

Action                   |  1- 3 |  4- 6 |  7- 9 | 10-12 || total
-------------------------+-------+-------+-------+-------++-------
Melee: Dagger            |   187 |    42 |       |       ||   229
       Bite              |    19 |    26 |    83 |   117 ||   245
       Punch             |     1 |     1 |     4 |       ||     6
       Spear             |       |   146 |       |       ||   146
       Trident           |       |    73 |   270 |       ||   343
       Hand axe          |       |       |   343 |     6 ||   349
       Falchion          |       |       |       |   500 ||   500
 Fire: Hand crossbow     |       |       |     1 |       ||     1
Throw: Tomahawk          |       |       |     1 |    14 ||    15
Invok: Curse Item        |       |       |     3 |     3 ||     6
  Use: Scroll            |       |       |    16 |     8 ||    24
       Potion            |       |       |     2 |    10 ||    12
 Stab: Sleeping          |       |       |     2 |       ||     2
  Eat: Ration            |     1 |     2 |     4 |     3 ||    10
       Chunk             |       |       |       |     2 ||     2
Armor: Scale mail        |    85 |   120 |   255 |       ||   460
       Plate armour      |       |       |     7 |   361 ||   368
Dodge: Dodged            |    77 |   137 |   231 |   133 ||   578
Block: Shield            |       |       |   176 |   349 ||   525
       Rpst.: Falchion   |       |       |       |    37 ||    37

Table legend:
 A = Non-vault XP
 B = Vault XP
 C = Vault XP percentage of total XP
 D = Non-vault monster count
 E = Vault monster count
 F = Vault count percentage of total count
                 A         B        C        D         E       F
            +---------+---------+-------+---------+---------+-------
      Total |    9395 |    3349 |  26.3 |     198 |      53 |  21.1
            +---------+---------+-------+---------+---------+-------
        D:1 |      34 |       0 |   0.0 |      11 |       0 |   0.0
        D:2 |      74 |       0 |   0.0 |      15 |       0 |   0.0
        D:3 |     125 |     233 |  65.1 |      19 |       2 |   9.5
        D:4 |     419 |       0 |   0.0 |      18 |       0 |   0.0
        D:5 |     767 |       0 |   0.0 |      19 |       0 |   0.0
        D:6 |     504 |       0 |   0.0 |      21 |       0 |   0.0
        D:7 |    1133 |       2 |   0.2 |      25 |       2 |   7.4
        D:8 |     788 |     776 |  49.6 |       6 |       6 |  50.0
        D:9 |    2628 |       0 |   0.0 |      32 |       0 |   0.0
       D:10 |    2189 |     757 |  25.7 |      20 |       3 |  13.0
       D:11 |     734 |     341 |  31.7 |      12 |       7 |  36.8
    Ossuary |       0 |     237 | 100.0 |       0 |      27 | 100.0
      IceCv |       0 |    1003 | 100.0 |       0 |       6 | 100.0
            +---------+---------+-------+---------+---------+-------
